 Dungeon Sprint DCSS version 0.17.2-1-ge4368a0 (webtiles) character file.

477743 hexophile the Conqueror (level 19, 204/204 (207) HPs)
             Began as a Ghoul Fighter on Oct 15, 2016.
             Was the Champion of Makhleb.
             Escaped with the Orb!
             The game lasted 00:15:33 (2117 turns).

hexophile the Conqueror (Ghoul Fighter)             Turns: 2117, Time: 00:15:33

HP:   204/204 (207) AC: 43    Str: 31    XL:     19   Next: 67%
MP:   11/35         EV:  6    Int:  3    God:    Makhleb [******]
Gold: 0             SH: 35    Dex:  8    Spells: 0 memorised, 18 levels left

rFire  + + +     SeeInvis +     G - +14 obsidian axe {chop, +Fly Str+3 SInv *Curse}
rCold  + + +     Clarity  .     B - +9 gold dragon armour {rC+ rF+ rPois}
rNeg   + + +     SustAt   .     F - +18 shield of the gong {rElec rN+ MR+ EV-5}
rPois  ∞         Gourm    .     T - -2 hat of the Alchemist {rElec rPois rF+ rC+ rN+ MR+ rMut rCorr}
rElec  +         Spirit   .     c - +0 cloak {+Inv}
rCorr  +         Warding  +     S - +1 pair of gloves {archery} {RNG Slay+4}
rMut   +         NoTele   +     (no boots)
MR     ++++.                    O - amulet of warding {Ward rN+}
Stlth  ..........               I - ring of Robustness {AC+8}
                                Q - ring "Zoufrad" {rF+ MR+}

@: rotting, incredibly resistant to hostile enchantments, extremely unstealthy
A: rotting body, claws 1, carnivore 3, cold resistance 1, negative energy
resistance 3, slow regeneration 1, torment resistance, unbreathing
a: Minor Destruction, Lesser Servant of Makhleb, Major Destruction, Greater
Servant of Makhleb, Renounce Religion, Evoke Invisibility, Evoke Flight
0: Orb of Zot


You escaped.
You worshipped Makhleb.
Makhleb was exalted by your worship.
You were not hungry.

You visited 1 branch


Innate Abilities, Weirdness & Mutations

Your body is rotting away.
You thrive on raw meat.
You are immune to poison.
You have sharp fingernails.
You are carnivorous and can eat meat at any time.
Your flesh is cold resistant.
You are immune to negative energy.
You regenerate slowly when monsters are visible.
You are immune to unholy pain and torment.
You can survive without breathing.

Inventory:

Hand Weapons
 a - the +7 Sceptre of Torment
   (You found it in the Dungeon)
 o - the +7 longbow "Cuac" {velocity, rF+ Str-5 Dex+3}
   (You found it in the Dungeon)

   Any arrow fired from it inflicts extra damage.
   It affects your strength (-5).
   It affects your dexterity (+3).
   It protects you from fire.
 C - a +7 broad axe of flaming
 G - the +14 obsidian axe (weapon) {chop, +Fly Str+3 SInv *Curse}
   (You found it in the Dungeon)

   It inflicts extra damage upon your enemies.
   It affects your strength (+3).
   It lets you see invisible.
   It lets you fly.
   It may re-curse itself when equipped.
Armour
 c - a +0 cloak of invisibility (worn)
 B - a +9 gold dragon armour (worn) {rC+ rF+ rPois}
 F - the +18 shield of the gong (worn) {rElec rN+ MR+ EV-5}
   (You found it in the Dungeon)

   It affects your evasion (-5).
   It insulates you from electricity.
   It protects you from negative energy.
   It affects your resistance to hostile enchantments.
 K - the +2 cloak of Starlight {rElec rC+ EV+4 Stlth--}
   (You found it in the Dungeon)

   It affects your evasion (+4).
   It protects you from cold.
   It insulates you from electricity.
   It makes you much less stealthy.
 S - a +1 pair of gloves of archery (worn) {RNG Slay+4}
 T - the -2 hat of the Alchemist (worn) {rElec rPois rF+ rC+ rN+ MR+ rMut rCorr}
   (You found it in the Dungeon)

   It protects you from fire.
   It protects you from cold.
   It insulates you from electricity.
   It protects you from poison.
   It protects you from negative energy.
   It affects your resistance to hostile enchantments.
   It protects you from acid and corrosion.
   It protects you from mutation.
Jewellery
 D - a +6 ring of strength
 E - a +6 ring of strength
 I - the ring of Robustness (right hand) {AC+8}
   (You found it in the Dungeon)

   [ring of protection]

   It affects your AC (+8).
 M - the amulet of Gluttony {Stasis rF+}
   (You found it in the Dungeon)

   [amulet of stasis]

   It prevents you from being teleported, slowed, hasted or paralysed.
   It protects you from fire.
 O - an amulet of warding (around neck) {Ward rN+}
 Q - the ring "Zoufrad" (left hand) {rF+ MR+}
   (You found it in the Dungeon)

   [ring of protection from fire]

   It protects you from fire.
   It affects your resistance to hostile enchantments.
Wands
 y - a wand of fire (5)
 z - a wand of cold (5)
 A - a wand of draining (5)
Scrolls
 k - 3 scrolls of blinking
 q - 3 scrolls of recharging
 s - 5 scrolls of identify
 t - 2 scrolls of remove curse
 u - 2 scrolls of fear
 w - 7 scrolls of fog
 R - 2 scrolls of enchant weapon
Potions
 d - 4 potions of might {Str+5 DMG+1d10}
 g - 13 potions of heal wounds
 h - 8 potions of haste
 i - 7 potions of magic
 l - 2 potions of brilliance {Archmagi Int+5 Wiz++}
 m - 2 potions of invisibility
 n - 4 potions of resistance {rF+ rC+ rPois rElec rCorr}
 p - 3 potions of agility {Stlth+ Dex+5 EV+5}
 L - 10 potions of curing
Miscellaneous
 b - a lamp of fire
 f - a fan of gales
 j - a phial of floods
 v - a disc of storms
 H - a sack of spiders {used: 9}
 J - a legendary deck of wonders
 P - a box of beasts {used: 7}
Comestibles
 e - 4 meat rations
 r - 4 bread rations
 x - 42 fruits


You had 18 spell levels left.
You didn't know any spells.


   Skills:
 O Level 27 Fighting
 * Level 26.8 Axes
 * Level 21.4 Armour
 * Level 13.6 Dodging
 * Level 21.3 Shields
 * Level 26.7 Evocations

Dungeon Overview and Level Annotations

Branches:
Dungeon (1/1)

Altars:
Ashenzari
Cheibriados
Dithmenos
Elyvilon
Fedhas
Gozag
Kikubaaqudgha
Makhleb
Nemelex Xobeh
Okawaru
Qazlal
Ru
Sif Muna
Trog
Vehumet
Xom
Yredelemnul
Zin
The Shining One
Beogh
Jiyva
Lugonu

Annotations:
D 1 exclusion

Vault maps used:
D:        sprint_v
There     were no monsters in sight!


Message History

You kill the wolf spider!
Makhleb accepts your kill.
You feel better.
You slash the wolf spider!
The wolf spider is severely wounded.
You block the wolf spider's attack.
PTOANNNG!
You block the wolf spider's attack.
PTOANNNG!
Unknown command.
Restored 26 HP.
You have now: 204/204 HP.
You slice the wolf spider like a ripe choko!!!
You break out of your daze!
You kill the wolf spider!
Makhleb accepts your kill.
Items here: ††††††† Unknown command.
No target in view!
Unknown command.
Unknown command.
No target in view!
You swap places.
Things that are here:
a trapdoor spider corpse; a wolf spider corpse; a wolf spider corpse
Found four items.
Found four items.
Found five items.
You enter the shallow water.
Moving in this stuff is going to be slow.
Found four items.
o - the +7 longbow "Cuac" {velocity, rF+ Str-5 Dex+3} You see here a cursed staff of death {rN+}.
Found three items.
K - the +2 cloak of Starlight {rElec rC+ EV+4 Stlth--} You are no longer corroded.
Your sixfirhy dies!
Found three items.
You see here a +1 halberd of protection.
Found three items.
You see here a book of Dreams.
An exit appears before you!
Your surroundings seem different!
Found the Orb of Zot.
Found a staircase leading out of the dungeon.
Really walk into a travel-excluded area?
You see here the Orb of Zot.
You pick up the Orb of Zot!
The Orb lets out a hideous shriek!
The lords of Pandemonium are not amused.
Beware!
Now all you have to do is get back out of the dungeon!
There is a staircase leading out of the dungeon here.
You can't go down here!
You have escaped!

Action                   |  1- 3 |  4- 6 |  7- 9 | 10-12 | 13-15 | 16-18 | 19-21 || total
-------------------------+-------+-------+-------+-------+-------+-------+-------++-------
Melee: Broad axe         |     3 |    11 |    23 |    86 |   100 |   164 |    68 ||   455
       Staff             |       |       |       |       |       |     4 |       ||     4
 Abil: Evoke Invisibilit |       |       |       |       |       |     2 |       ||     2
Evoke: Disc of storms    |       |       |       |     1 |     3 |    22 |     8 ||    34
       Fan of gales      |       |       |       |     1 |       |     1 |       ||     2
       Box of beasts     |       |       |       |       |     4 |    11 |       ||    15
       Sack of spiders   |       |       |       |       |    11 |       |       ||    11
       Deck              |       |       |       |       |       |     7 |       ||     7
  Use: Scroll            |     1 |     2 |       |     7 |     2 |     5 |       ||    17
       Potion            |       |       |       |       |     2 |     4 |       ||     6
 Stab: Distracted        |       |       |       |     2 |       |       |     3 ||     5
       Held in net/web   |       |       |       |       |     1 |       |       ||     1
       Invisible         |       |       |       |       |       |     4 |       ||     4
  Eat: Chunk             |       |     1 |       |       |       |     8 |       ||     9
       Meat ration       |       |       |       |       |       |     1 |       ||     1

Notes
Turn   | Place    | Note
--------------------------------------------------------------
     0 | D        | hexophile the Ghoul Fighter began the quest for the Orb.
     0 | D        | Reached XP level 1. HP: 19/19 MP: 0/0
     4 | D        | Found a roughly hewn altar of Beogh.
     4 | D        | Found a corrupted altar of Lugonu.
     4 | D        | Found a viscous altar of Jiyva.
     4 | D        | Found a white marble altar of Elyvilon.
     4 | D        | Found a sparkling altar of Nemelex Xobeh.
     4 | D        | Found a burning altar of Makhleb.
     4 | D        | Found an iron altar of Okawaru.
     4 | D        | Found a deep blue altar of Sif Muna.
     4 | D        | Found a radiant altar of Vehumet.
     4 | D        | Found a bloodstained altar of Trog.
     4 | D        | Found a shimmering altar of Xom.
     8 | D        | Banished a spatial maelstrom
    88 | D        | Became a worshipper of Makhleb the Destroyer
    92 | D        | Entered arena 1.
    92 | D        | Noticed a phantom
    92 | D        | Noticed a necrophage
    96 | D        | Killed a necrophage
    96 | D        | Reached skill level 5 in Axes
    96 | D        | Reached skill level 5 in Evocations
    96 | D        | Reached XP level 2. HP: 26/26 MP: 0/4
    96 | D        | Reached XP level 3. HP: 31/31 MP: 0/5
    96 | D        | Reached XP level 4. HP: 38/38 MP: 0/6
    99 | D        | Killed a phantom
    99 | D        | Reached skill level 7 in Axes
    99 | D        | Reached skill level 6 in Evocations
    99 | D        | Reached XP level 5. HP: 45/45 MP: 0/9
   108 | D        | Entered arena 2.
   108 | D        | Noticed a yak
   111 | D        | Reached * piety under Makhleb
   111 | D        | Reached skill level 7 in Evocations
   114 | D        | Killed a yak
   114 | D        | Reached skill level 8 in Axes
   114 | D        | Reached skill level 8 in Evocations
   114 | D        | Reached XP level 6. HP: 51/51 MP: 2/11
   116 | D        | Reached ** piety under Makhleb
   116 | D        | Reached skill level 9 in Axes
   123 | D        | Entered arena 3.
   123 | D        | Noticed a phantom
   123 | D        | Noticed a phantom
   123 | D        | Noticed a necrophage
   126 | D        | Killed a necrophage
   126 | D        | Reached skill level 9 in Evocations
   126 | D        | Reached XP level 7. HP: 57/57 MP: 3/13
   130 | D        | Killed a phantom
   130 | D        | Reached skill level 10 in Axes
   135 | D        | Killed a phantom
   135 | D        | Reached *** piety under Makhleb
   135 | D        | Reached skill level 10 in Evocations
   138 | D        | Entered arena 4.
   138 | D        | Noticed a deep elf summoner
   138 | D        | Noticed a deep elf knight
   138 | D        | Noticed a deep elf mage
   138 | D        | Noticed a deep elf conjurer
   140 | D        | Killed a deep elf conjurer
   140 | D        | Reached skill level 11 in Axes
   140 | D        | Reached skill level 11 in Evocations
   140 | D        | Reached XP level 8. HP: 63/63 MP: 5/15
   142 | D        | Killed a deep elf mage
   145 | D        | Killed a deep elf knight
   145 | D        | Reached **** piety under Makhleb
   145 | D        | Reached skill level 12 in Axes
   145 | D        | Reached skill level 12 in Evocations
   145 | D        | Reached XP level 9. HP: 68/70 MP: 6/17
   147 | D        | Killed a deep elf summoner
   147 | D        | Reached skill level 13 in Axes
   147 | D        | Reached skill level 13 in Evocations
   213 | D        | Entered arena 5.
   213 | D        | Noticed a quasit
   217 | D        | Killed a quasit
   217 | D        | Reached ***** piety under Makhleb
   227 | D        | Entered arena 6.
   227 | D        | Noticed a wolf
   227 | D        | Noticed a spriggan druid
   227 | D        | Noticed a wolf
   227 | D        | Noticed a wolf
   227 | D        | Noticed a spriggan druid
   227 | D        | Noticed a spriggan
   230 | D        | Killed a wolf
   230 | D        | Killed a wolf
   232 | D        | Killed a spriggan
   233 | D        | Killed a wolf
   234 | D        | Killed a spriggan druid
   234 | D        | Reached skill level 14 in Axes
   234 | D        | Reached skill level 14 in Evocations
   234 | D        | Reached XP level 10. HP: 55/77 MP: 17/19
   237 | D        | Killed a spriggan druid
   237 | D        | Reached ****** piety under Makhleb
   365 | D        | Entered arena 7.
   365 | D        | Noticed a vault guard
   365 | D        | Noticed an ironheart preserver
   365 | D        | Noticed a vault sentinel
   365 | D        | Noticed a vault guard
   365 | D        | Noticed an ironheart preserver
   365 | D        | Noticed a flayed ghost
   365 | D        | Noticed a black mamba
   373 | D        | Killed a flayed ghost
   373 | D        | Reached skill level 4 in Fighting
   374 | D        | Killed an ironheart preserver
   374 | D        | Reached skill level 6 in Fighting
   374 | D        | Reached skill level 15 in Axes
   374 | D        | Reached skill level 15 in Evocations
   375 | D        | Killed an ironheart preserver
   375 | D        | Reached skill level 8 in Fighting
   375 | D        | Killed a black mamba
   375 | D        | Reached XP level 11. HP: 79/95 MP: 19/21
   376 | D        | Killed a vault guard
   376 | D        | Reached skill level 9 in Fighting
   377 | D        | Killed a vault sentinel
   379 | D        | Killed a vault guard
   379 | D        | Reached skill level 16 in Axes
   379 | D        | Reached skill level 16 in Evocations
   387 | D        | Entered arena 8.
   387 | D        | Noticed a spriggan
   387 | D        | Noticed a wolf
   387 | D        | Noticed a spriggan
   387 | D        | Noticed a spriggan
   387 | D        | Noticed a spriggan druid
   388 | D        | Noticed a wolf
   388 | D        | Noticed a wolf
   391 | D        | Killed a wolf
   391 | D        | Reached skill level 10 in Fighting
   393 | D        | Killed a spriggan
   394 | D        | Killed a wolf
   395 | D        | Killed a wolf
   395 | D        | Killed a spriggan
   396 | D        | Killed a spriggan druid
   396 | D        | Killed a spriggan
   406 | D        | Entered arena 9.
   406 | D        | Noticed a naga
   406 | D        | Noticed a naga
   406 | D        | Noticed a naga
   412 | D        | Killed a naga
   414 | D        | Killed a naga
   419 | D        | Killed a naga
   419 | D        | Reached skill level 11 in Fighting
   430 | D        | Entered arena 10.
   430 | D        | Noticed a yaktaur
   430 | D        | Noticed a vault guard
   430 | D        | Noticed a fire crab
   430 | D        | Noticed a vault guard
   430 | D        | Noticed a vault guard
   430 | D        | Noticed a vault guard
   430 | D        | Noticed a black mamba
   430 | D        | Noticed a vault sentinel
   430 | D        | Noticed a kobold demonologist
   433 | D        | Noticed a soul eater
   439 | D        | Killed a vault guard
   443 | D        | Killed a vault guard
   444 | D        | Killed a black mamba
   444 | D        | Killed a vault sentinel
   444 | D        | Reached skill level 12 in Fighting
   445 | D        | Killed a vault guard
   445 | D        | Reached skill level 17 in Axes
   445 | D        | Killed a yaktaur
   445 | D        | Reached skill level 17 in Evocations
   445 | D        | Reached XP level 12. HP: 111/113 MP: 23/23
   446 | D        | Killed a vault guard
   447 | D        | Killed a kobold demonologist
   449 | D        | Killed a fire crab
   449 | D        | Reached skill level 13 in Fighting
   456 | D        | Got the ring of Liberty {*Drain rN+ Str+8 Slay-3}
   461 | D        | Entered arena 11.
   461 | D        | Noticed a vampire
   461 | D        | Noticed a wight
   461 | D        | Noticed a ghoul
   461 | D        | Noticed a skeletal warrior
   461 | D        | Noticed a necromancer
   462 | D        | Noticed a necrophage
   462 | D        | Noticed a necromancer
   467 | D        | Killed a necrophage
   468 | D        | Killed a skeletal warrior
   469 | D        | Killed a necromancer
   471 | D        | Killed a necromancer
   473 | D        | Killed a wight
   474 | D        | Killed a vampire
   477 | D        | Killed a ghoul
   485 | D        | Got the amulet of Gluttony {Stasis rF+}
   487 | D        | Entered arena 12.
   487 | D        | Noticed a tormentor
   487 | D        | Noticed an iron imp
   488 | D        | Noticed a crimson imp
   488 | D        | Noticed a red devil
   488 | D        | Noticed an iron imp
   488 | D        | Noticed an iron golem
   494 | D        | Killed a crimson imp
   494 | D        | Killed an iron imp
   496 | D        | Killed a tormentor
   496 | D        | Reached skill level 14 in Fighting
   499 | D        | Killed an iron imp
   504 | D        | Killed an iron golem
   508 | D        | Killed a red devil
   508 | D        | Reached skill level 18 in Axes
   529 | D        | Entered arena 13.
   530 | D        | Noticed a crystal guardian
   530 | D        | Noticed an iron golem
   530 | D        | Noticed an iron dragon
   530 | D        | Noticed a stone giant
   530 | D        | Noticed an iron dragon
   531 | D        | Noticed a crystal guardian
   531 | D        | Noticed a gargoyle
   531 | D        | Noticed an earth elemental
   531 | D        | Noticed an iron dragon
   531 | D        | Noticed a water moccasin
   531 | D        | Noticed a crystal guardian
   531 | D        | Noticed a crystal guardian
   531 | D        | Noticed an iron golem
   531 | D        | Noticed a blink frog
   539 | D        | Entered arena 14.
   841 | D        | Noticed a yellow draconian
   841 | D        | Noticed a green draconian
   841 | D        | Noticed a red draconian
   841 | D        | Noticed a purple draconian
   841 | D        | Noticed a black draconian
   842 | D        | Noticed a white draconian
   842 | D        | Noticed a purple draconian
   843 | D        | Noticed a white draconian
   843 | D        | Noticed a purple draconian
   843 | D        | Noticed a red draconian
   843 | D        | Noticed a green draconian
   843 | D        | Noticed a green draconian
   844 | D        | Noticed a yellow draconian
   848 | D        | Killed a yellow draconian
   848 | D        | Reached skill level 18 in Evocations
   850 | D        | Killed a red draconian
   851 | D        | Killed a green draconian
   851 | D        | Reached skill level 15 in Fighting
   851 | D        | Killed a white draconian
   851 | D        | Killed a green draconian
   851 | D        | Reached XP level 13. HP: 66/127 MP: 23/25
   851 | D        | Killed a white draconian
   851 | D        | Killed a purple draconian
   853 | D        | Killed a purple draconian
   853 | D        | Reached skill level 16 in Fighting
   859 | D        | Killed a yellow draconian
   859 | D        | Reached skill level 19 in Axes
   859 | D        | Killed a green draconian
   859 | D        | Reached skill level 19 in Evocations
   859 | D        | Killed a red draconian
   860 | D        | Killed a black draconian
   866 | D        | Killed a purple draconian
   919 | D        | Entered arena 15.
   920 | D        | Noticed a deep elf high priest
   920 | D        | Noticed a deep elf high priest
   920 | D        | Noticed a deep elf annihilator
   920 | D        | Noticed a harpy
   920 | D        | Noticed a deep elf knight
   920 | D        | Noticed a deep elf master archer
   920 | D        | Noticed a deep elf knight
   920 | D        | Noticed a deep elf master archer
   920 | D        | Noticed a deep elf blademaster
   921 | D        | Noticed a deep elf sorcerer
   922 | D        | Noticed a deep elf conjurer
   922 | D        | Noticed a deep elf annihilator
   923 | D        | Noticed a deep elf priest
   924 | D        | Noticed a deep elf knight
   924 | D        | Killed a harpy
   930 | D        | Killed a deep elf blademaster
   930 | D        | Reached skill level 17 in Fighting
   930 | D        | Reached skill level 3 in Armour
   930 | D        | Reached skill level 3 in Shields
   932 | D        | Killed a deep elf annihilator
   932 | D        | Reached skill level 4 in Armour
   932 | D        | Reached skill level 4 in Shields
   935 | D        | Killed a deep elf master archer
   935 | D        | Reached skill level 5 in Armour
   935 | D        | Reached skill level 5 in Shields
   937 | D        | Killed a deep elf master archer
   942 | D        | Killed a deep elf sorcerer
   943 | D        | Killed a deep elf knight
   943 | D        | Killed a deep elf priest
   943 | D        | Reached skill level 6 in Armour
   945 | D        | Killed a deep elf high priest
   945 | D        | Reached skill level 6 in Shields
   945 | D        | Reached XP level 14. HP: 141/141 MP: 26/26
   946 | D        | Killed a deep elf high priest
   948 | D        | Killed a deep elf knight
   948 | D        | Reached skill level 20 in Axes
   948 | D        | Killed a deep elf annihilator
   948 | D        | Reached skill level 18 in Fighting
   956 | D        | Killed a deep elf knight
   960 | D        | Killed a deep elf conjurer
   960 | D        | Reached skill level 20 in Evocations
   980 | D        | Entered arena 16.
   983 | D        | Noticed an ogre
   983 | D        | Noticed an orc warlord
   983 | D        | Noticed an orc high priest
   984 | D        | Noticed an orc knight
   984 | D        | Noticed an orc warrior
   984 | D        | Noticed an orc warrior
   987 | D        | Killed an ogre
   989 | D        | Killed an orc high priest
   989 | D        | Reached skill level 7 in Armour
   989 | D        | Reached skill level 7 in Shields
   990 | D        | Killed an orc knight
   992 | D        | Killed an orc warrior
   995 | D        | Killed an orc warlord
   998 | D        | Killed an orc warrior
  1011 | D        | Entered arena 17.
  1014 | D        | Noticed a water moccasin
  1014 | D        | Noticed a water moccasin
  1014 | D        | Noticed an anaconda
  1014 | D        | Noticed a black mamba
  1015 | D        | Noticed a black mamba
  1015 | D        | Noticed a guardian serpent
  1015 | D        | Noticed an anaconda
  1015 | D        | Noticed a naga warrior
  1016 | D        | Noticed a naga warrior
  1016 | D        | Noticed a naga warrior
  1017 | D        | Noticed a naga
  1017 | D        | Killed a water moccasin
  1018 | D        | Noticed a naga
  1021 | D        | Killed a black mamba
  1021 | D        | Killed a water moccasin
  1021 | D        | Killed a naga warrior
  1021 | D        | Killed a naga
  1021 | D        | Killed a black mamba
  1022 | D        | Killed an anaconda
  1023 | D        | Killed a guardian serpent
  1025 | D        | Killed an anaconda
  1025 | D        | Reached skill level 8 in Armour
  1026 | D        | Killed a naga warrior
  1026 | D        | Reached skill level 8 in Shields
  1027 | D        | Killed a naga
  1028 | D        | Killed a naga warrior
  1034 | D        | Got the ring of Zin's Pride {rN+ MR+}
  1040 | D        | Got the ring "Zoufrad" {rF+ MR+}
  1048 | D        | Entered arena 18.
  1048 | D        | Noticed a hell hound
  1051 | D        | Noticed a crimson imp
  1051 | D        | Noticed a lorocyproca
  1051 | D        | Noticed a neqoxec
  1051 | D        | Noticed a small abomination
  1052 | D        | Noticed a smoke demon
  1052 | D        | Noticed a worldbinder
  1052 | D        | Noticed a small abomination
  1052 | D        | Noticed a flayed ghost
  1052 | D        | Noticed a small abomination
  1052 | D        | Noticed a wretched star
  1052 | D        | Noticed an orange demon
  1052 | D        | Noticed a large abomination
  1052 | D        | Noticed a guardian serpent
  1054 | D        | Killed a hell hound
  1056 | D        | Killed a crimson imp
  1058 | D        | Killed a worldbinder
  1059 | D        | Killed a small abomination
  1061 | D        | Killed a smoke demon
  1061 | D        | Killed a small abomination
  1063 | D        | Killed a neqoxec
  1063 | D        | Killed a small abomination
  1063 | D        | Killed a guardian serpent
  1063 | D        | Killed a large abomination
  1064 | D        | Lost intelligence.
  1069 | D        | Killed an orange demon
  1071 | D        | Killed a lorocyproca
  1072 | D        | Killed a flayed ghost
  1079 | D        | Killed a wretched star
  1109 | D        | Reached skill level 19 in Fighting
  1109 | D        | Reached skill level 9 in Armour
  1109 | D        | Reached skill level 9 in Shields
  1109 | D        | Reached XP level 15. HP: 149/152 MP: 28/28
  1111 | D        | Entered arena 19.
  1116 | D        | Noticed a yaktaur
  1116 | D        | Noticed a vault guard
  1116 | D        | Noticed a yaktaur captain
  1116 | D        | Noticed a vault guard
  1116 | D        | Noticed a stone giant
  1116 | D        | Noticed a stone giant
  1116 | D        | Noticed a vault guard
  1116 | D        | Noticed a stone giant
  1116 | D        | Noticed a vault guard
  1116 | D        | Noticed a vault guard
  1116 | D        | Noticed a vault guard
  1116 | D        | Identified a +2 rod of shadows (5/10)
  1116 | D        | Noticed a vault guard
  1116 | D        | Noticed a vault guard
  1116 | D        | Noticed a vault guard
  1116 | D        | Noticed a shadow dragon
  1116 | D        | Noticed a lich
  1117 | D        | Noticed a vault guard
  1119 | D        | Noticed a vault guard
  1119 | D        | Noticed a vault guard
  1119 | D        | Noticed a vault guard
  1119 | D        | Noticed a vault guard
  1119 | D        | Noticed a yaktaur
  1121 | D        | Killed a vault guard
  1121 | D        | Killed a vault guard
  1123 | D        | Killed a yaktaur
  1123 | D        | Killed a vault guard
  1124 | D        | Killed a stone giant
  1125 | D        | Killed a vault guard
  1127 | D        | Killed a shadow dragon
  1130 | D        | Killed a stone giant
  1131 | D        | Killed a yaktaur captain
  1131 | D        | Killed a vault guard
  1132 | D        | Killed a vault guard
  1132 | D        | Killed a vault guard
  1132 | D        | Reached skill level 10 in Armour
  1132 | D        | Reached skill level 10 in Shields
  1132 | D        | Killed a vault guard
  1133 | D        | Killed a vault guard
  1134 | D        | Killed a yaktaur
  1135 | D        | Killed a vault guard
  1135 | D        | Reached skill level 21 in Axes
  1135 | D        | Killed a stone giant
  1137 | D        | Killed a lich
  1137 | D        | Reached skill level 21 in Evocations
  1137 | D        | Killed a vault guard
  1140 | D        | Killed a vault guard
  1140 | D        | Killed a vault guard
  1141 | D        | Killed a vault guard
  1150 | D        | Got an ichor-stained buckler
  1236 | D        | Entered arena 20.
  1245 | D        | Noticed a vault guard
  1245 | D        | Noticed a yaktaur
  1246 | D        | Noticed a vault guard
  1246 | D        | Noticed a vault guard
  1246 | D        | Noticed a stone giant
  1246 | D        | Noticed a yaktaur
  1246 | D        | Noticed a vault guard
  1246 | D        | Noticed a vault guard
  1246 | D        | Noticed a vault guard
  1246 | D        | Noticed a yaktaur
  1246 | D        | Noticed a vault guard
  1246 | D        | Noticed a vault guard
  1246 | D        | Noticed a lich
  1248 | D        | Noticed a stone giant
  1248 | D        | Noticed a vault guard
  1248 | D        | Noticed a vault guard
  1249 | D        | Noticed a vault guard
  1249 | D        | Noticed a lich
  1249 | D        | Noticed a vault guard
  1250 | D        | Noticed a vault guard
  1250 | D        | Noticed a vault guard
  1252 | D        | Noticed a stone giant
  1252 | D        | Killed a vault guard
  1252 | D        | Reached XP level 16. HP: 161/161 MP: 29/29
  1253 | D        | Noticed a vault guard
  1254 | D        | Noticed a vault guard
  1256 | D        | Noticed a lich
  1257 | D        | Killed a lich
  1257 | D        | Reached skill level 20 in Fighting
  1257 | D        | Reached skill level 11 in Armour
  1257 | D        | Reached skill level 11 in Shields
  1259 | D        | Killed a yaktaur
  1259 | D        | Killed a stone giant
  1260 | D        | Killed a vault guard
  1262 | D        | Killed a vault guard
  1264 | D        | Killed a vault guard
  1265 | D        | Killed a vault guard
  1267 | D        | Killed a vault guard
  1269 | D        | Killed a lich
  1270 | D        | Killed a stone giant
  1271 | D        | Killed a vault guard
  1272 | D        | Killed a vault guard
  1273 | D        | Killed a vault guard
  1274 | D        | Killed a vault guard
  1274 | D        | Reached skill level 12 in Armour
  1274 | D        | Reached skill level 12 in Shields
  1275 | D        | Killed a vault guard
  1275 | D        | Killed a vault guard
  1276 | D        | Killed a vault guard
  1276 | D        | Killed a vault guard
  1277 | D        | Killed a yaktaur
  1280 | D        | Killed a lich
  1282 | D        | Killed a vault guard
  1282 | D        | Killed a stone giant
  1282 | D        | Reached skill level 21 in Fighting
  1286 | D        | Killed a vault guard
  1297 | D        | Entered arena 21.
  1309 | D        | Noticed a deep elf high priest
  1309 | D        | Noticed a deep elf conjurer
  1309 | D        | Noticed a deep elf knight
  1309 | D        | Noticed a deep elf blademaster
  1310 | D        | Noticed a deep elf master archer
  1310 | D        | Noticed a deep elf master archer
  1310 | D        | Noticed a deep elf annihilator
  1310 | D        | Noticed a deep elf sorcerer
  1310 | D        | Noticed a deep elf master archer
  1310 | D        | Noticed a deep elf master archer
  1310 | D        | Noticed a deep elf priest
  1310 | D        | Noticed a deep elf fighter
  1311 | D        | Noticed a deep elf high priest
  1311 | D        | Noticed a deep elf fighter
  1311 | D        | Noticed a deep elf conjurer
  1311 | D        | Noticed a deep elf fighter
  1311 | D        | Noticed a deep elf annihilator
  1311 | D        | Noticed a deep elf high priest
  1311 | D        | Noticed a deep elf sorcerer
  1312 | D        | Noticed a deep elf sorcerer
  1312 | D        | Noticed a deep elf sorcerer
  1313 | D        | Noticed a deep elf sorcerer
  1315 | D        | Noticed a deep elf fighter
  1315 | D        | Noticed a deep elf conjurer
  1316 | D        | Noticed a deep elf master archer
  1317 | D        | Killed a deep elf annihilator
  1317 | D        | Killed a deep elf master archer
  1317 | D        | Reached skill level 22 in Axes
  1317 | D        | Killed a deep elf conjurer
  1317 | D        | Killed a deep elf master archer
  1317 | D        | Reached skill level 13 in Armour
  1317 | D        | Reached skill level 13 in Shields
  1317 | D        | Reached skill level 22 in Evocations
  1317 | D        | Killed a deep elf blademaster
  1317 | D        | Killed a deep elf knight
  1317 | D        | Killed a deep elf sorcerer
  1317 | D        | Killed a deep elf master archer
  1317 | D        | Killed a deep elf high priest
  1319 | D        | Noticed a deep elf annihilator
  1319 | D        | Killed a deep elf conjurer
  1319 | D        | Killed a deep elf master archer
  1321 | D        | Noticed a deep elf sorcerer
  1321 | D        | Killed a deep elf priest
  1323 | D        | Noticed a deep elf mage
  1324 | D        | Killed a deep elf fighter
  1325 | D        | Killed a deep elf sorcerer
  1325 | D        | Killed a deep elf sorcerer
  1325 | D        | Reached skill level 22 in Fighting
  1325 | D        | Reached skill level 14 in Armour
  1325 | D        | Reached skill level 14 in Shields
  1326 | D        | Killed a deep elf sorcerer
  1329 | D        | Killed a deep elf fighter
  1329 | D        | Killed a deep elf annihilator
  1332 | D        | Noticed a deep elf sorcerer
  1332 | D        | Killed a deep elf sorcerer
  1333 | D        | Killed a deep elf fighter
  1333 | D        | Killed a deep elf high priest
  1333 | D        | Reached XP level 17. HP: 175/175 MP: 31/31
  1335 | D        | Killed a deep elf conjurer
  1335 | D        | Killed a deep elf fighter
  1336 | D        | Killed a deep elf master archer
  1337 | D        | Killed a deep elf mage
  1337 | D        | Killed a deep elf sorcerer
  1338 | D        | Killed a deep elf high priest
  1340 | D        | Killed a deep elf annihilator
  1341 | D        | Killed a deep elf sorcerer
  1348 | D        | Got the ring "Dalumegh" {rC+ rN+ Str-2 Int+4 Dex+6}
  1410 | D        | Entered arena 22.
  1425 | D        | Noticed a starcursed mass
  1425 | D        | Noticed a bone dragon
  1425 | D        | Noticed a two-headed ogre
  1425 | D        | a two-headed ogre changed into a lindwurm
  1426 | D        | Noticed a small abomination
  1426 | D        | Noticed a giant orange brain
  1426 | D        | Noticed a small abomination
  1427 | D        | Noticed a small abomination
  1427 | D        | Noticed a neqoxec
  1427 | D        | Noticed an Executioner
  1427 | D        | Noticed a smoke demon
  1427 | D        | Noticed a raiju
  1427 | D        | Noticed an ancient zyme
  1427 | D        | Noticed a large abomination
  1428 | D        | Noticed a neqoxec
  1428 | D        | Noticed a bone dragon
  1428 | D        | Noticed a ynoxinul
  1430 | D        | Noticed Picaebyel the pandemonium lord
  1430 | D        | Noticed a brown very ugly thing
  1431 | D        | Noticed an unseen horror
  1432 | D        | Lost intelligence.
  1433 | D        | Noticed a small abomination
  1434 | D        | Noticed a large abomination
  1434 | D        | Killed a small abomination
  1434 | D        | Killed a neqoxec
  1434 | D        | Killed an unseen horror
  1435 | D        | Noticed a large abomination
  1435 | D        | Killed an ancient zyme
  1436 | D        | Noticed a small abomination
  1437 | D        | Noticed an eye of draining
  1437 | D        | Killed a giant orange brain
  1438 | D        | Noticed a small abomination
  1439 | D        | Noticed a large abomination
  1440 | D        | Noticed a smoke demon
  1440 | D        | Killed a ynoxinul
  1441 | D        | Killed a bone dragon
  1441 | D        | Reached skill level 23 in Axes
  1441 | D        | Reached skill level 15 in Armour
  1441 | D        | Reached skill level 15 in Shields
  1443 | D        | Killed a starcursed mass
  1443 | D        | Reached skill level 23 in Evocations
  1443 | D        | Killed a bone dragon
  1444 | D        | Paralysed by accursed screaming for 1 turns
  1445 | D        | Killed a neqoxec
  1447 | D        | Killed an Executioner
  1447 | D        | Killed a small abomination
  1448 | D        | Killed a large abomination
  1448 | D        | Killed a small abomination
  1448 | D        | Killed a starcursed mass
  1448 | D        | Killed a starcursed mass
  1449 | D        | Killed a starcursed mass
  1450 | D        | Paralysed by accursed screaming for 1 turns
  1452 | D        | Killed a small abomination
  1452 | D        | Killed a brown very ugly thing
  1452 | D        | Killed a starcursed mass
  1452 | D        | Killed a starcursed mass
  1452 | D        | Killed a smoke demon
  1452 | D        | Reached skill level 23 in Fighting
  1453 | D        | Killed a small abomination
  1453 | D        | Killed a smoke demon
  1453 | D        | Killed a small abomination
  1453 | D        | Killed a starcursed mass
  1456 | D        | Killed a large abomination
  1457 | D        | Killed a large abomination
  1457 | D        | Killed a starcursed mass
  1460 | D        | Killed Picaebyel the pandemonium lord
  1460 | D        | Killed a large abomination
  1462 | D        | Killed an eye of draining
  1462 | D        | Killed a raiju
  1462 | D        | Killed a starcursed mass
  1474 | D        | Got the amulet "Owarphaoxt" {Spirit rPois Int+3}
  1484 | D        | Got the ring of Omu Syxiv {+Blink Int+11 SInv Stlth-}
  1565 | D        | Entered arena 23.
  1580 | D        | Noticed a wight
  1580 | D        | Noticed a vampire
  1580 | D        | Noticed a shadow
  1580 | D        | Noticed a vampire knight
  1580 | D        | Noticed a necromancer
  1581 | D        | Noticed a shadow
  1581 | D        | Noticed a ghoul
  1582 | D        | Noticed a wight
  1582 | D        | Noticed a lich
  1583 | D        | Noticed a lich
  1583 | D        | Noticed a ghoul
  1583 | D        | Noticed a ghoul
  1583 | D        | Killed a wight
  1585 | D        | Noticed a vampire
  1585 | D        | Noticed a vampire knight
  1585 | D        | Noticed a shadow
  1585 | D        | Killed a necromancer
  1586 | D        | Noticed a skeletal warrior
  1586 | D        | Noticed a vampire knight
  1587 | D        | Noticed a ghoul
  1587 | D        | Killed a vampire
  1588 | D        | Noticed a necrophage
  1588 | D        | Noticed a wight
  1588 | D        | Noticed a wight
  1588 | D        | Noticed a vampire knight
  1588 | D        | Noticed an ancient lich
  1589 | D        | Noticed a ghoul
  1589 | D        | Noticed a skeletal warrior
  1590 | D        | Killed a shadow
  1591 | D        | Noticed a vampire knight
  1592 | D        | Noticed a necrophage
  1593 | D        | Noticed a necromancer
  1593 | D        | Killed a vampire knight
  1594 | D        | Noticed a ghoul
  1594 | D        | Killed a lich
  1594 | D        | Reached skill level 16 in Armour
  1595 | D        | Noticed a necromancer
  1595 | D        | Noticed a wight
  1595 | D        | Noticed a wight
  1597 | D        | Noticed a skeletal warrior
  1598 | D        | Noticed a ghoul
  1598 | D        | Killed a skeletal warrior
  1599 | D        | Killed a wight
  1605 | D        | Killed an ancient lich
  1605 | D        | Reached skill level 16 in Shields
  1605 | D        | Killed a vampire knight
  1607 | D        | Killed a ghoul
  1608 | D        | Killed a lich
  1611 | D        | Killed a vampire knight
  1616 | D        | Killed a vampire
  1617 | D        | Killed a shadow
  1617 | D        | Killed a ghoul
  1619 | D        | Killed a vampire knight
  1623 | D        | Killed a ghoul
  1623 | D        | Reached skill level 24 in Fighting
  1623 | D        | Reached skill level 24 in Axes
  1625 | D        | Killed a wight
  1626 | D        | Killed a necromancer
  1628 | D        | Killed a skeletal warrior
  1628 | D        | Killed a wight
  1628 | D        | Killed a ghoul
  1630 | D        | Killed a ghoul
  1630 | D        | Reached skill level 17 in Armour
  1630 | D        | Reached skill level 24 in Evocations
  1631 | D        | Killed a necrophage
  1632 | D        | Killed a necromancer
  1633 | D        | Killed a skeletal warrior
  1633 | D        | Killed a necrophage
  1634 | D        | Killed a shadow
  1634 | D        | Reached skill level 17 in Shields
  1635 | D        | Killed a vampire knight
  1635 | D        | Killed a ghoul
  1636 | D        | Killed a ghoul
  1637 | D        | Killed a wight
  1640 | D        | Killed a wight
  1701 | D        | Entered arena 24.
  1716 | D        | Noticed a slime creature
  1716 | D        | Noticed a slime creature
  1716 | D        | Noticed a jelly
  1716 | D        | Noticed a slime creature
  1716 | D        | Noticed a jelly
  1716 | D        | Noticed a slime creature
  1716 | D        | Noticed an acid blob
  1719 | D        | Noticed a death ooze
  1720 | D        | Noticed an eye of devastation
  1720 | D        | Killed a jelly
  1722 | D        | Noticed an eye of devastation
  1722 | D        | Killed a jelly
  1722 | D        | Killed a death ooze
  1723 | D        | Killed a slime creature
  1724 | D        | Noticed an azure jelly
  1724 | D        | Noticed an eye of devastation
  1724 | D        | Noticed a slime creature
  1724 | D        | Killed an acid blob
  1724 | D        | Killed a slime creature
  1725 | D        | Noticed a slime creature
  1725 | D        | Noticed a slime creature
  1725 | D        | Killed an eye of devastation
  1725 | D        | Killed an eye of devastation
  1726 | D        | Noticed a slime creature
  1727 | D        | Noticed an acid blob
  1727 | D        | Noticed an acid blob
  1727 | D        | Noticed a slime creature
  1727 | D        | Killed a slime creature
  1727 | D        | Killed a slime creature
  1728 | D        | Noticed an acid blob
  1728 | D        | Noticed an azure jelly
  1728 | D        | Noticed a death ooze
  1728 | D        | Noticed a slime creature
  1728 | D        | Noticed a jelly
  1728 | D        | Killed an acid blob
  1728 | D        | Reached XP level 18. HP: 177/192 MP: 33/33
  1729 | D        | Noticed a slime creature
  1729 | D        | Noticed a large slime creature
  1729 | D        | Killed a slime creature
  1729 | D        | Killed an azure jelly
  1730 | D        | Noticed a giant orange brain
  1730 | D        | Noticed a great orb of eyes
  1730 | D        | Killed a jelly
  1731 | D        | Noticed a shining eye
  1731 | D        | Killed an acid blob
  1733 | D        | Killed a death ooze
  1734 | D        | Noticed an azure jelly
  1734 | D        | Killed an eye of devastation
  1735 | D        | Killed a very large slime creature
  1736 | D        | Noticed a slime creature
  1736 | D        | Noticed a death ooze
  1736 | D        | Killed an acid blob
  1736 | D        | Killed an azure jelly
  1737 | D        | Noticed a jelly
  1738 | D        | Noticed a jelly
  1738 | D        | Noticed an acid blob
  1738 | D        | Killed a great orb of eyes
  1738 | D        | Killed a slime creature
  1739 | D        | Noticed a jelly
  1739 | D        | Noticed an azure jelly
  1739 | D        | Killed a slime creature
  1740 | D        | Noticed an azure jelly
  1740 | D        | Noticed a slime creature
  1740 | D        | Killed a slime creature
  1741 | D        | Noticed a great orb of eyes
  1741 | D        | Noticed a jelly
  1741 | D        | Noticed a slime creature
  1742 | D        | Killed a slime creature
  1742 | D        | Killed a slime creature
  1742 | D        | Killed a shining eye
  1742 | D        | Killed a death ooze
  1743 | D        | Noticed a shining eye
  1744 | D        | Killed an azure jelly
  1745 | D        | Noticed a golden eye
  1745 | D        | Killed a jelly
  1745 | D        | Killed an azure jelly
  1746 | D        | Killed an azure jelly
  1746 | D        | Killed an acid blob
  1746 | D        | Reached skill level 18 in Armour
  1746 | D        | Killed a giant orange brain
  1747 | D        | Killed a jelly
  1748 | D        | Killed a great orb of eyes
  1748 | D        | Reached skill level 25 in Fighting
  1748 | D        | Reached skill level 18 in Shields
  1748 | D        | Killed a slime creature
  1749 | D        | Killed a jelly
  1749 | D        | Killed a slime creature
  1749 | D        | Killed a jelly
  1751 | D        | Killed a golden eye
  1751 | D        | Killed a slime creature
  1752 | D        | Killed a shining eye
  1786 | D        | Got the amulet of Sin {Stasis Dex+4}
  1804 | D        | Entered arena 25.
  1822 | D        | Noticed an acid blob
  1822 | D        | Noticed an acid blob
  1822 | D        | Noticed an eye of draining
  1822 | D        | Noticed a giant orange brain
  1822 | D        | Noticed an acid blob
  1822 | D        | Noticed a death ooze
  1822 | D        | Noticed an azure jelly
  1823 | D        | Noticed an acid blob
  1823 | D        | Noticed an eye of devastation
  1823 | D        | Noticed a golden eye
  1823 | D        | Noticed a death ooze
  1823 | D        | Noticed a slime creature
  1823 | D        | Noticed a slime creature
  1823 | D        | Noticed a slime creature
  1824 | D        | Noticed a slime creature
  1824 | D        | Noticed an acid blob
  1824 | D        | Noticed a shining eye
  1824 | D        | Noticed an eye of devastation
  1824 | D        | Noticed an azure jelly
  1824 | D        | Noticed a slime creature
  1824 | D        | Noticed an acid blob
  1824 | D        | Noticed a death ooze
  1826 | D        | Noticed an acid blob
  1826 | D        | Killed an acid blob
  1826 | D        | Reached skill level 1 in Dodging
  1826 | D        | Killed a death ooze
  1826 | D        | Reached skill level 2 in Dodging
  1826 | D        | Noticed an acid blob
  1826 | D        | Noticed a jelly
  1827 | D        | Noticed a great orb of eyes
  1827 | D        | Killed a golden eye
  1827 | D        | Killed a death ooze
  1827 | D        | Killed a giant orange brain
  1827 | D        | Killed a slime creature
  1828 | D        | Noticed a slime creature
  1828 | D        | Noticed a death ooze
  1829 | D        | Killed an acid blob
  1829 | D        | Reached skill level 3 in Dodging
  1829 | D        | Killed an acid blob
  1829 | D        | Reached skill level 4 in Dodging
  1830 | D        | Noticed a jelly
  1830 | D        | Noticed a great orb of eyes
  1830 | D        | Killed an acid blob
  1830 | D        | Killed an acid blob
  1830 | D        | Reached skill level 25 in Axes
  1830 | D        | Reached skill level 5 in Dodging
  1830 | D        | Killed an acid blob
  1830 | D        | Reached skill level 25 in Evocations
  1830 | D        | Noticed a shining eye
  1831 | D        | Noticed a slime creature
  1831 | D        | Noticed an acid blob
  1831 | D        | Killed an eye of draining
  1831 | D        | Killed a jelly
  1831 | D        | Killed a slime creature
  1831 | D        | Killed a shining eye
  1831 | D        | Killed a jelly
  1832 | D        | Noticed an azure jelly
  1832 | D        | Noticed an acid blob
  1832 | D        | Noticed a slime creature
  1832 | D        | Killed an azure jelly
  1832 | D        | Killed an acid blob
  1832 | D        | Reached skill level 6 in Dodging
  1832 | D        | Killed an eye of devastation
  1832 | D        | Noticed a great orb of eyes
  1833 | D        | Noticed a jelly
  1833 | D        | Killed an acid blob
  1833 | D        | Killed a slime creature
  1833 | D        | Killed an azure jelly
  1833 | D        | Killed a death ooze
  1833 | D        | Reached skill level 19 in Armour
  1833 | D        | Reached skill level 7 in Dodging
  1833 | D        | Killed a jelly
  1834 | D        | Noticed an acid blob
  1834 | D        | Noticed an azure jelly
  1835 | D        | Noticed a jelly
  1835 | D        | Noticed an azure jelly
  1835 | D        | Noticed an azure jelly
  1835 | D        | Killed a slime creature
  1835 | D        | Killed a great orb of eyes
  1835 | D        | Reached skill level 19 in Shields
  1835 | D        | Killed a death ooze
  1836 | D        | Noticed a jelly
  1836 | D        | Killed a slime creature
  1836 | D        | Killed a large slime creature
  1836 | D        | Killed an eye of devastation
  1836 | D        | Killed an acid blob
  1836 | D        | Killed a jelly
  1836 | D        | Killed a great orb of eyes
  1836 | D        | Reached skill level 26 in Fighting
  1837 | D        | Noticed a great orb of eyes
  1837 | D        | Killed a slime creature
  1838 | D        | Killed a great orb of eyes
  1838 | D        | Reached skill level 8 in Dodging
  1838 | D        | Killed an acid blob
  1838 | D        | Killed a slime creature
  1838 | D        | Noticed a slime creature
  1842 | D        | Noticed a shining eye
  1842 | D        | Killed an azure jelly
  1843 | D        | Killed an azure jelly
  1844 | D        | Killed a shining eye
  1844 | D        | Killed a jelly
  1845 | D        | Killed an acid blob
  1845 | D        | Reached skill level 9 in Dodging
  1849 | D        | Killed a jelly
  1851 | D        | Killed an azure jelly
  1854 | D        | Killed a slime creature
  1855 | D        | Killed an azure jelly
  1856 | D        | Killed a great orb of eyes
  1858 | D        | Killed a shining eye
  1867 | D        | Got the amulet of Awe {rMut -Tele rElec rPois}
  1871 | D        | Got the +8 fire dragon armour "Zikekk" {rF++ rC- MR- Dex+2 Slay+5, rF++ rC-}
  1877 | D        | Noticed a golden eye
  1877 | D        | Noticed a golden eye
  1881 | D        | Killed a golden eye
  1882 | D        | Killed a golden eye
  1884 | D        | Got the ring "Feff" {+Inv rN+}
  1959 | D        | Entered arena 26.
  1976 | D        | Noticed a guardian serpent
  1977 | D        | Noticed an anaconda
  1977 | D        | Noticed an anaconda
  1977 | D        | Noticed a black mamba
  1977 | D        | Noticed a greater naga
  1977 | D        | Noticed a naga warrior
  1977 | D        | Noticed a naga mage
  1977 | D        | Noticed a greater naga
  1978 | D        | Noticed a black mamba
  1978 | D        | Noticed a naga warrior
  1978 | D        | Noticed an anaconda
  1978 | D        | Noticed a black mamba
  1978 | D        | Noticed a naga mage
  1978 | D        | Noticed an anaconda
  1978 | D        | Noticed a guardian serpent
  1978 | D        | Noticed a greater naga
  1978 | D        | Noticed a greater naga
  1979 | D        | Noticed a greater naga
  1979 | D        | Noticed a naga mage
  1979 | D        | Noticed a naga mage
  1979 | D        | Noticed an anaconda
  1979 | D        | Noticed a water moccasin
  1981 | D        | Noticed a water moccasin
  1982 | D        | Noticed a naga mage
  1982 | D        | Killed an anaconda
  1982 | D        | Killed a guardian serpent
  1982 | D        | Killed a guardian serpent
  1982 | D        | Reached XP level 19. HP: 203/203 MP: 34/34
  1982 | D        | Killed a naga mage
  1982 | D        | Killed an anaconda
  1982 | D        | Killed an anaconda
  1982 | D        | Reached skill level 10 in Dodging
  1982 | D        | Killed a black mamba
  1982 | D        | Killed an anaconda
  1982 | D        | Killed a greater naga
  1983 | D        | Noticed a naga mage
  1985 | D        | Killed a black mamba
  1986 | D        | Noticed a naga mage
  1986 | D        | Killed a greater naga
  1986 | D        | Reached skill level 20 in Armour
  1987 | D        | Noticed a naga
  1987 | D        | Noticed a naga
  1988 | D        | Noticed a guardian serpent
  1988 | D        | Killed an anaconda
  1988 | D        | Killed a black mamba
  1988 | D        | Reached skill level 20 in Shields
  1988 | D        | Killed a greater naga
  1989 | D        | Noticed a naga
  1989 | D        | Noticed an anaconda
  1989 | D        | Noticed a greater naga
  1989 | D        | Noticed a naga warrior
  1989 | D        | Noticed a greater naga
  1990 | D        | Noticed a guardian serpent
  1991 | D        | Noticed a black mamba
  1991 | D        | Noticed a naga warrior
  1991 | D        | Noticed a greater naga
  1991 | D        | Noticed a guardian serpent
  1992 | D        | Noticed a naga mage
  1992 | D        | Killed a naga mage
  1992 | D        | Killed a greater naga
  1992 | D        | Reached skill level 26 in Axes
  1993 | D        | Noticed an anaconda
  1993 | D        | Killed an anaconda
  1994 | D        | Noticed a naga
  1994 | D        | Killed a naga
  1994 | D        | Killed a water moccasin
  1994 | D        | Killed a naga
  1994 | D        | Killed a naga
  1994 | D        | Killed a naga
  1994 | D        | Killed a water moccasin
  1996 | D        | Killed a naga mage
  1997 | D        | Killed a black mamba
  1997 | D        | Killed a guardian serpent
  1998 | D        | Noticed a naga
  1998 | D        | Killed an anaconda
  1998 | D        | Killed a greater naga
  1998 | D        | Reached skill level 11 in Dodging
  1998 | D        | Reached skill level 26 in Evocations
  1999 | D        | Killed a naga mage
  1999 | D        | Killed a naga mage
  2000 | D        | Noticed a naga
  2000 | D        | Killed a naga mage
  2000 | D        | Killed a naga mage
  2001 | D        | Noticed a naga
  2002 | D        | Noticed a greater naga
  2002 | D        | Noticed a water moccasin
  2002 | D        | Killed a guardian serpent
  2004 | D        | Noticed a naga warrior
  2004 | D        | Killed a naga warrior
  2004 | D        | Killed a greater naga
  2005 | D        | Noticed a naga warrior
  2005 | D        | Noticed a naga mage
  2008 | D        | Noticed a naga warrior
  2008 | D        | Killed a guardian serpent
  2008 | D        | Killed a naga warrior
  2008 | D        | Reached skill level 27 in Fighting
  2008 | D        | Noticed a naga mage
  2011 | D        | Killed a water moccasin
  2011 | D        | Killed a naga
  2012 | D        | Killed a naga warrior
  2013 | D        | Killed a greater naga
  2013 | D        | Killed a naga
  2014 | D        | Killed a naga warrior
  2014 | D        | Killed a greater naga
  2015 | D        | Killed a naga mage
  2017 | D        | Killed a naga warrior
  2017 | D        | Killed a naga
  2019 | D        | Killed a greater naga
  2019 | D        | Reached skill level 12 in Dodging
  2022 | D        | Killed a naga warrior
  2025 | D        | Killed a naga warrior
  2025 | D        | Killed a naga mage
  2028 | D        | Killed a naga mage
  2036 | D        | Entered arena 27.
  2055 | D        | Noticed a jumping spider
  2056 | D        | Noticed a wolf spider
  2056 | D        | Noticed a demonic crawler
  2056 | D        | Noticed a demonic crawler
  2056 | D        | Noticed a moth of wrath
  2056 | D        | Noticed a wasp
  2056 | D        | Noticed a wolf spider
  2056 | D        | Noticed a wolf spider
  2056 | D        | Noticed a ghost moth
  2056 | D        | Noticed a ghost moth
  2056 | D        | Noticed a wolf spider
  2057 | D        | Noticed a demonic crawler
  2057 | D        | Noticed an entropy weaver
  2057 | D        | Noticed a trapdoor spider
  2057 | D        | Noticed a trapdoor spider
  2057 | D        | Noticed a redback
  2057 | D        | Noticed a tarantella
  2057 | D        | Noticed a jumping spider
  2057 | D        | Noticed a moth of wrath
  2057 | D        | Noticed a wasp
  2057 | D        | Noticed a demonic crawler
  2058 | D        | Noticed a trapdoor spider
  2058 | D        | Noticed a demonic crawler
  2058 | D        | Noticed a hornet
  2058 | D        | Noticed a trapdoor spider
  2058 | D        | Noticed a wolf spider
  2058 | D        | Noticed a trapdoor spider
  2058 | D        | Noticed a spider
  2059 | D        | Noticed a demonic crawler
  2060 | D        | Noticed a demonic crawler
  2061 | D        | Noticed a trapdoor spider
  2061 | D        | Noticed a wolf spider
  2062 | D        | Noticed a moth of wrath
  2062 | D        | Killed a wolf spider
  2062 | D        | Killed a wolf spider
  2064 | D        | Noticed a wolf spider
  2064 | D        | Noticed a jumping spider
  2064 | D        | Noticed a spider
  2064 | D        | Noticed a demonic crawler
  2065 | D        | Noticed a wolf spider
  2065 | D        | Noticed a jumping spider
  2065 | D        | Noticed a trapdoor spider
  2066 | D        | Noticed a jumping spider
  2066 | D        | Killed a ghost moth
  2066 | D        | Killed a demonic crawler
  2066 | D        | Killed a spider
  2066 | D        | Killed a wolf spider
  2066 | D        | Killed a trapdoor spider
  2066 | D        | Killed a demonic crawler
  2066 | D        | Killed a moth of wrath
  2066 | D        | Killed a redback
  2066 | D        | Killed a wolf spider
  2066 | D        | Killed a trapdoor spider
  2066 | D        | Killed a wasp
  2066 | D        | Killed a jumping spider
  2067 | D        | Noticed a wasp
  2067 | D        | Noticed a wasp
  2067 | D        | Noticed a hornet
  2068 | D        | Noticed a wasp
  2068 | D        | Killed a wasp
  2068 | D        | Killed a ghost moth
  2068 | D        | Killed a tarantella
  2068 | D        | Killed a jumping spider
  2068 | D        | Reached skill level 21 in Armour
  2068 | D        | Killed a trapdoor spider
  2068 | D        | Killed a trapdoor spider
  2070 | D        | Noticed a jumping spider
  2070 | D        | Noticed a jumping spider
  2070 | D        | Killed a jumping spider
  2070 | D        | Killed a wasp
  2070 | D        | Killed a trapdoor spider
  2070 | D        | Killed a wolf spider
  2070 | D        | Killed a trapdoor spider
  2070 | D        | Reached skill level 21 in Shields
  2070 | D        | Killed a wasp
  2071 | D        | Noticed a redback
  2071 | D        | Killed a wolf spider
  2071 | D        | Killed a jumping spider
  2071 | D        | Killed a hornet
  2071 | D        | Killed a moth of wrath
  2071 | D        | Reached skill level 13 in Dodging
  2071 | D        | Killed a wolf spider
  2071 | D        | Killed a hornet
  2071 | D        | Killed a demonic crawler
  2071 | D        | Killed a demonic crawler
  2071 | D        | Killed a moth of wrath
  2071 | D        | Killed a demonic crawler
  2071 | D        | Killed a jumping spider
  2071 | D        | Killed a wolf spider
  2071 | D        | Killed a tarantella
  2071 | D        | Killed a moth of wrath
  2072 | D        | Noticed a wasp
  2072 | D        | Noticed a tarantella
  2072 | D        | Killed a spider
  2073 | D        | Noticed a tarantella
  2073 | D        | Killed a demonic crawler
  2074 | D        | Noticed a demonic crawler
  2074 | D        | Noticed a hornet
  2074 | D        | Noticed a wolf spider
  2074 | D        | Noticed a wasp
  2074 | D        | Killed a demonic crawler
  2074 | D        | Killed a demonic crawler
  2075 | D        | Noticed a wolf spider
  2076 | D        | Noticed a wolf spider
  2076 | D        | Killed a jumping spider
  2077 | D        | Noticed a wasp
  2077 | D        | Killed a redback
  2077 | D        | Killed a trapdoor spider
  2078 | D        | Killed a wasp
  2079 | D        | Killed a wasp
  2081 | D        | Killed an entropy weaver
  2082 | D        | Noticed a trapdoor spider
  2083 | D        | Killed a tarantella
  2084 | D        | Killed a wasp
  2084 | D        | Killed a wolf spider
  2087 | D        | Killed a hornet
  2087 | D        | Killed a wasp
  2091 | D        | Killed a tarantella
  2092 | D        | Killed a demonic crawler
  2093 | D        | Killed a jumping spider
  2094 | D        | Killed a trapdoor spider
  2094 | D        | Killed a wolf spider
  2095 | D        | Killed a wolf spider
  2102 | D        | Got the +7 longbow "Cuac" {velocity, rF+ Str-5 Dex+3}
  2112 | D        | Got the Orb of Zot
  2117 | D        | Escaped with the Orb!

Table legend:
 A = Turns spent in this place as a percentage of turns spent in the entire game.
 B = Non-inter-level travel turns spent in this place as a percentage of non-inter-level travel turns spent in the entire game.
 C = Inter-level travel turns spent in this place as a percentage of turns spent in this place.
 D = Turns resting spent in this place as a percentage of non-inter-level travel turns spent in this place.
 E = Turns spent auto-exploring this place as a percentage of non-inter-level travel turns spent in this place.
 F = Non-inter-level travel turns spent in this place divided by the number of levels of this place that you've seen.
                   A       B       C       D       E      F
               +-------+-------+-------+-------+-------+----------------------
         Total | 100.0 | 100.0 |   0.0 |   1.0 |   0.0 | 1776.0
       Dungeon | 100.0 | 100.0 |   0.0 |   1.0 |   0.0 | 1776.0
               +-------+-------+-------+-------+-------+----------------------

Table legend:
 A = Kills in this place as a percentage of kills in entire the game.
 B = Kills by you in this place as a percentage of kills by you in the entire game.
 C = Kills by friends in this place as a percentage of kills by friends in the entire game.
 D = Other kills in this place as a percentage of other kills in the entire game.
 E = Experience gained in this place as a percentage of experience gained in the entire game.
 F = Experience gained in this place divided by the number of levels of this place that you have seen.
                   A       B       C       D       E      F
               +-------+-------+-------+-------+-------+----------------------
         Total | 100.0 | 100.0 | 100.0 | 100.0 | 100.0 | 333851.0
       Dungeon | 100.0 | 100.0 | 100.0 | 100.0 | 100.0 | 333851.0
               +-------+-------+-------+-------+-------+----------------------

Vanquished Creatures
  A pandemonium lord (D)
  An ancient lich (D)
  A bone dragon (D)
  5 liches (D)
  13 acid blobs (D)
  2 deep elf blademasters (D)
  An Executioner (D)
  7 deep elf master archers (D)
  8 greater nagas (D)
  8 azure jellies (D)
  An orc warlord (D)
  7 deep elf sorcerers (D)
  2 ghost moths (D)
  7 ghouls (D)
  2 ironheart preservers (D)
  A very ugly thing (D)
  4 vampire knights (D)
  4 stone giants (D)
  3 green draconians (D)
  4 deep elf annihilators (D)
  A lorocyproca (D)
  2 yellow draconians (D)
  2 red draconians (D)
  A black draconian (D)
  2 white draconians (D)
  3 purple draconians (D)
  4 great orbs of eyes (D)
  4 death oozes (D)
  3 deep elf high priests (D)
  A yaktaur captain (D)
  20 vault guards (D)
  8 naga warriors (D)
  An entropy weaver (D)
  7 anacondas (D)
  5 large abominations (D)
  An orc high priest (D)
  4 deep elf knights (D)
  An iron golem (D)
  A wretched star (D)
  A fire crab (D)
  3 skeletal warriors (D)
  A deep elf summoner (D)
  A spriggan druid (D)
  3 necromancers (D)
  2 flayed ghosts (D)
  A giant orange brain (D)
  4 deep elf conjurers (D)
  An orc knight (D)
  10 wolf spiders (D)
  A worldbinder (D)
  A harpy (shapeshifter) (D)
  4 shining eyes (D)
  A black mamba (shapeshifter) (D)
  2 hornets (D)
  4 moths of wrath (D)
  6 guardian serpents (D)
  2 eyes of devastation (D)
  8 naga magi (D)
  5 black mambas (D)
  A kobold demonologist (D)
  2 vault sentinels (D)
  3 smoke demons (D)
  3 yaktaurs (D)
  9 demonic crawlers (D)
  A tormentor (D)
  A deep elf priest (D)
  A red devil (D)
  7 jumping spiders (D)
  12 slime creatures (D)
  A raiju (D)
  2 shadows (D)
  2 redbacks (D)
  A vampire (D)
  4 spriggans (D)
  8 trapdoor spiders (D)
  9 starcursed masses (D)
  4 golden eyes (D)
  2 deep elf magi (D)
  4 deep elf fighters (D)
  A yak (D)
  8 small abominations (D)
  4 wolves (D)
  3 tarantellas (D)
  2 neqoxecs (D)
  7 nagas (D)
  2 orc warriors (D)
  A hell hound (D)
  2 water moccasins (D)
  6 wasps (D)
  3 phantoms (D)
  2 spiders (D)
  An ogre (D)
  5 necrophages (D)
  2 eyes of draining (D)
  3 wights (D)
  2 crimson imps (D)
  8 jellies (D)
  A quasit (D)
  2 iron imps (D)
  2 sheep (D)
  A mummy (D)
  4 adders (D)
  3 shadow imps (D)
  3 white imps (D)
  An ufetubus (D)
  2 adder zombies (D)
  An adder skeleton (D)
  9 orcs (D)
  4 ball pythons (D)
  6 bat zombies (D)
  A ball python zombie (D)
  A bat simulacrum (D)
  A giant gecko zombie (D)
  A jackal zombie (D)
  A quokka zombie (D)
397 creatures vanquished.

Vanquished Creatures (collateral kills)
  A bone dragon (D)
  A lich (D)
  3 acid blobs (D)
  An eldritch tentacle (D)
  A shadow dragon (D)
  A greater naga (D)
  3 azure jellies (D)
  A deep elf sorcerer (D)
  A ghoul (D)
  2 stone giants (D)
  A deep elf annihilator (D)
  A vampire knight (D)
  3 death oozes (D)
  16 vault guards (D)
  2 great orbs of eyes (D)
  2 deep elf high priests (D)
  2 naga warriors (D)
  2 anacondas (D)
  A deep elf knight (D)
  An unseen horror (D)
  A skeletal warrior (D)
  2 giant orange brains (D)
  2 spriggan druids (D)
  A deep elf conjurer (D)
  A wolf spider (D)
  A shining eye (D)
  2 necromancers (D)
  A guardian serpent (D)
  A hornet (D)
  3 eyes of devastation (D)
  An orange demon (D)
  2 black mambas (D)
  2 yaktaurs (D)
  2 naga magi (D)
  An ancient zyme (D)
  A queen bee (shapeshifter) (D)
  A deep elf priest (D)
  11 slime creatures (D)
  A shadow (D)
  A ynoxinul (D)
  2 vampires (D)
  A tarantella (D)
  2 wolves (D)
  A neqoxec (D)
  5 nagas (D)
  3 water moccasins (D)
  2 wasps (D)
  4 wights (D)
  5 jellies (D)
  2 small abominations (D)
  2 adders (D)
  2 shadow imps (D)
  An adder zombie (D)
  A ball python (D)
  A giant gecko skeleton (D)
  A quokka zombie (D)
119 creatures vanquished.

Vanquished Creatures (others)
  A spatial maelstrom (D)
  40 eldritch tentacle segments (D)
41 creatures vanquished.

Grand Total: 557 creatures vanquished
